 Dungeon Crawl Stone Soup version 0.18-a0-1773-gec4f98e (webtiles) character file.

459 dobroeutro the Skirmisher (level 7, -7/44 HPs)
             Began as a Gargoyle Fighter on Apr 14, 2016.
             Mangled by an ogre
             ... wielding a +0 giant spiked club
              (25 damage)
             ... on level 4 of the Dungeon.
             The game lasted 00:05:36 (3130 turns).

dobroeutro the Skirmisher (Gargoyle Fighter)        Turns: 3130, Time: 00:05:37

Health: -7/44      AC: 13    Str: 20    XL:     7   Next: 6%
Magic:  7/7        EV:  7    Int:  9    God:
Gold:   121        SH:  9    Dex: 10    Spells: 0 memorised, 6 levels left

rFire  . . .     SeeInvis .     a - +0 flail
rCold  . . .     Gourm    .     b - +0 scale mail
rNeg   + . .     Faith    .     c - +0 shield
rPois  ∞         Spirit   .     (no helmet)
rElec  +         Dismiss  .     x - +0 cloak
rCorr  .         Reflect  .     (no gloves)
SustAt .         Harm     .     (no boots)
MR     .....     Rnd*Tele +     (no amulet)
Stlth  ..........               (no ring)
                                g - ring of teleportation (curse)

@: not resistant to hostile enchantments, extremely unstealthy
A: negative energy resistance 1, electricity resistance, unbreathing,
petrification resistance, rot immunity, AC +4
a: no special abilities


You were on level 4 of the Dungeon.
You were not hungry.

You visited 1 branch of the dungeon, and saw 4 of its levels.

You collected 121 gold pieces.

Inventory:

Hand Weapons
 a - a +0 flail (weapon)
Missiles
 t - 6 javelins (quivered)
Armour
 b - a +0 scale mail (worn)
 c - a +0 shield (worn)
 x - a +0 cloak (worn)
Jewellery
 g - a cursed ring of teleportation (left hand)
Wands
 v - a wand of slowing (35/48)
 y - a wand of slowing (26/48)
Scrolls
 e - a scroll of magic mapping {unknown}
 j - 4 scrolls of identify {unknown}
 l - 3 scrolls of enchant weapon {unknown}
 m - a scroll of fog {unknown}
 n - 3 scrolls of amnesia {unknown}
 z - a scroll of blinking {unknown}
Potions
 d - 2 potions of might
 h - a potion of curing {unknown}
 i - 2 potions of cancellation {unknown}
 k - a potion of berserk rage {unknown}
 o - a potion of resistance {unknown}
 q - 2 potions of brilliance {unknown}
 s - a potion of degeneration {unknown}
 u - a potion of beneficial mutation {unknown}
Comestibles
 f - 6 bread rations
 p - 2 meat rations
 r - a slice of pizza
 w - 4 chunks of flesh


   Skills:
 + Level 5.0 Fighting
 + Level 4.4 Maces & Flails
 + Level 4.7 Armour
 + Level 5.0 Shields


You had 6 spell levels left.
You didn't know any spells.

Dungeon Overview and Level Annotations

Branches:
Dungeon (4/15)
 Temple: D:4-7

Altars:
Elyvilon
Gozag
Trog
Xom
Zin


Innate Abilities, Weirdness & Mutations

You are resistant to torment.
Your stone body is resilient (AC +4).
You are immune to poison.
You resist negative energy.
You are resistant to electric shocks.
You can survive without breathing.
You are immune to petrification.
You are immune to rotting.


Message History

The ogre moves out of view.
The ogre is too close now for your liking.
You block the ogre's attack.
You sock the ogre!
The ogre is moderately wounded.
The ogre barely misses you.
You hit the ogre but do no damage.
The ogre is moderately wounded.
You hit the ogre but do no damage.
The ogre is moderately wounded.
The ogre hits you with a giant spiked club!!
Ouch! That really hurt!
You hit the ogre but do no damage.
The ogre is moderately wounded.
The ogre barely misses you.
You hit the ogre.
The ogre is heavily wounded.
The ogre hits you with a giant spiked club!!
Ouch! That really hurt!
You die...

##............# ....
#.............## ##
.... #..............#
##.# ...8
#..............# #...#
.... ##............##
....#. ....
#............####.....#
....
##...................#.
....
##.........##.........
#### #
###....#'#.###@#.....
###..##.##.### #O# ....
.#....###..# #.. ..
..###.# .... .... .##
.+...♣. .♣... ## ###..
.. .. ..## # ##. ## ##
.## ## ## ## . .##


You could see an ogre.

Vanquished Creatures
  A giant frog (D:4)
  A howler monkey (D:4)
  4 orc wizards (D:4)
  Jessica (D:2)
  2 worker ants
  6 adders
  An ooze (D:3)
  4 worms
  2 dart slugs
  A giant gecko (D:1)
  14 orcs
  7 bats
  2 giant cockroaches
  8 goblins
  6 hobgoblins
  2 jackals (D:2)
  10 kobolds
  3 quokkas
  6 ball pythons
  3 giant newts
  2 quokka skeletons (D:4)
  42 rats
128 creatures vanquished.

Notes
Turn   | Place    | Note
--------------------------------------------------------------
     0 | D:1      | dobroeutro the Gargoyle Fighter began the quest for the Orb.
     0 | D:1      | Reached XP level 1. HP: 14/14 MP: 1/1
    99 | D:1      | Reached XP level 2. HP: 15/19 MP: 2/2
   730 | D:1      | Reached XP level 3. HP: 23/23 MP: 3/3
   960 | D:2      | Found a white marble altar of Elyvilon.
   999 | D:2      | Noticed Jessica
  1009 | D:2      | Killed Jessica
  1009 | D:2      | Reached XP level 4. HP: 24/29 MP: 4/4
  1034 | D:2      | Noticed a moth of wrath
  1037 | D:2      | Found a bloodstained altar of Trog.
  1290 | D:2      | Found an opulent altar of Gozag.
  1290 | D:2      | Found a glowing silver altar of Zin.
  1558 | D:2      | Reached XP level 5. HP: 33/33 MP: 5/5
  1895 | D:3      | Found a faded altar to an unknown god.
  2424 | D:4      | Reached XP level 6. HP: 39/39 MP: 6/6
  2445 | D:4      | Found a shimmering altar of Xom.
  2543 | D:4      | Reached skill level 5 in Fighting
  2620 | D:4      | HP: 1/40 [orc wizard/magic dart (9)]
  2645 | D:4      | Reached skill level 5 in Shields
  2645 | D:4      | Reached XP level 7. HP: 17/44 MP: 7/7
  3130 | D:4      | Mangled by an ogre

Vault maps used:
D:1:      minmay_arrival_shattered_statue, minivault_26, minivault_27
D:2:      grunt_temple_overflow_gold_and_silver, nicolae_overflow_crystal_walls,
          tgw_trog, first_bread, minmay_rats_cheesy_pizza, uniq_jessica
D:3:      ecumenical_altar_2, grunt_decor_cap
D:4:      wad_pebble_path, kennysheep_decorative_pillar, grunt_ministairs_15,
          xom_teletrap_fun

Skill      XL: |  1  2  3  4  5  6 |
---------------+-------------------+-----
Shields        | 4 5 |  5.0
Maces & Flails | 3 4 |  4.4
Fighting       | 4 5 |  5.0
Armour         | 4 |  4.7

Action                   |  1- 3 |  4- 6 |  7- 9 || total
-------------------------+-------+-------+-------++-------
Melee: Flail             |   126 |   316 |    49 ||   491
  Use: Potion            |       |     2 |       ||     2
  Eat: Chunk             |       |     7 |     1 ||     8
Armor: Scale mail        |    81 |   212 |    26 ||   319
Dodge: Dodged            |    31 |   103 |    17 ||   151
Block: Shield            |    68 |   183 |    21 ||   272
